 Dungeon Crawl Stone Soup version 0.31-a0-133-gaae73658be (webtiles) character file.

Game seed: 3749832246775701767

90101 tilp the Unseen (level 15, -7/122 HPs)
             Began as a Vampire Enchanter on June 2, 2023.
             Was the Champion of Wu Jian.
             Mangled by an orange demon (10 damage)
             ... summoned by Frances
             ... on level 14 of the Dungeon.
             The game lasted 00:58:04 (27900 turns).

tilp the Unseen (Vampire Enchanter)                Turns: 27900, Time: 00:58:04

Health: -7/122     AC: 20    Str:  7    XL:     15   Next: 51%
Magic:  21/28      EV: 18    Int: 29    God:    Wu Jian [******]
Gold:   332        SH:  0    Dex: 17    Spells: 19/33 levels left

rFire   . . .        b - +9 double sword of the Beast {spect, Stlth+}
rCold   + + .        (no shield)
rNeg    . . .        K - +4 ring mail of Benevolence {rC++ Int+6 Stlth-}
rPois   +            e - +1 helmet
rElec   .            O - +2 cloak
rCorr   .            s - +1 pair of gloves
SInv    +            l - +2 pair of boots
Will    +....        S - amulet of regeneration
Stlth   ++++++       k - +5 ring of evasion
HPRegen 1.40/turn    h - ring of poison resistance
MPRegen 0.21/turn

%: no passive effects
@: lethally poisoned (-7 -> -7), confusing by touch, healing quickly
A: alive, fangs 3, see invisible, vampiric 2
a: Exsanguinate, Renounce Religion, Wall Jump, Serpent's Lash, Heavenly Storm


You were on level 14 of the Dungeon.
You worshipped Wu Jian.
Wu Jian was exalted by your worship.
You visited 4 branches of the dungeon, and saw 22 of its levels.
You also visited: Bailey and Ice Cave.

You collected 2128 gold pieces.
You spent 1796 gold pieces at shops.

Inventory:

Hand Weapons
 a - a +2 dagger of freezing
 b - the +9 double sword of the Beast (weapon) {spect, Stlth+}
   (You bought it in a shop on level 10 of the Dungeon)

   Stlth:     It makes you more stealthy.
 F - a +2 dagger
Missiles
 n - 47 poisoned darts (quivered)
 T - 2 curare-tipped darts
 U - a throwing net
Armour
 e - a +1 helmet (worn)
 l - a +2 pair of boots (worn)
 s - a +1 pair of gloves (worn)
 C - a +1 robe of resistance
 K - the +4 ring mail of Benevolence (worn) {rC++ Int+6 Stlth-}
   (You bought it in a shop on level 9 of the Dungeon)

   Int:       It affects your intelligence (+6).
   rC:        It greatly protects you from cold.
   Stlth:     It makes you less stealthy.
 O - a +2 cloak (worn)
 Z - the +2 robe of Oteoj Yfowu {rElec rN+ Int+4 Stlth+}
   (You bought it in a shop on level 2 of the Orcish Mines)

   Int:       It affects your intelligence (+4).
   rElec:     It insulates you from electricity.
   rN:        It protects you from negative energy.
   Stlth:     It makes you more stealthy.
Jewellery
 h - a ring of poison resistance (right hand)
 k - a +5 ring of evasion (left hand)
 o - a ring of protection from fire
 v - a ring of ice
 I - a +5 ring of evasion
 J - the ring of Syzopaj {rElec rPois rF- rC+ rN+}
   (You found it in a bailey)

   [ring of protection from cold]

   rF:        It makes you vulnerable to fire.
   rC:        It protects you from cold.
   rElec:     It insulates you from electricity.
   rPois:     It protects you from poison.
   rN:        It protects you from negative energy.
 R - a +4 ring of protection
 S - an amulet of regeneration (around neck)
 V - a ring of flight
Wands
 q - a wand of flame (66)
 A - a wand of iceblast (15)
 B - a wand of polymorph (7)
 D - a wand of mindburst (22)
 H - a wand of digging (2)
 M - a wand of charming (11)
Scrolls
 r - 4 scrolls of amnesia
 t - 2 scrolls of silence
 y - 7 scrolls of teleportation
 G - 2 scrolls of fear
 P - 4 scrolls of identify
 Q - a scroll of blinking
 W - 3 scrolls of fog
 X - 2 scrolls of poison
 Y - a scroll of summoning
Potions
 c - a potion of invisibility
 f - 11 potions of ambrosia
 g - 14 potions of curing
 i - 2 potions of lignification
 j - 2 potions of mutation
 m - 2 potions of cancellation
 p - 2 potions of attraction
 u - a potion of haste
 w - 2 potions of might
 x - 4 potions of berserk rage
 z - 4 potions of enlightenment
 L - 6 potions of heal wounds
 N - a potion of magic
Miscellaneous
 d - a box of beasts
 E - a phial of floods


   Skills:
 * Level 12.9 Fighting
 - Level 10.0(10.2) Short Blades
 + Level 3.0(6.5) Long Blades
 - Level 3.0 Armour
 + Level 9.0 Dodging
 + Level 16.0 Stealth
 + Level 9.7 Spellcasting
 - Level 4.0 Conjurations
 * Level 14.1 Hexes
 + Level 5.6 Ice Magic
 + Level 8.8 Evocations


You had 19 spell levels left.
You knew the following spells:

 Your Spells              Type           Power      Damage    Failure   Level
a - Ensorcelled Hibernat  Hex/Ice        100%       N/A       1%          2
b - Confusing Touch       Hex            77%        N/A       1%          3
c - Tukima's Dance        Hex            77%        N/A       1%          3
d - Dazzling Flash        Conj/Hex       100%       N/A       1%          3
e - Ozocubu's Armour      Ice            47%        N/A       3%          3

Your spell library contained the following spells:

 Spells                   Type           Power      Damage    Failure   Level
 Portal Projectile        Hex/Tloc       100%       N/A       1%          3
 Summon Guardian Golem    Hex/Summ       53%        N/A       1%          3
 Leda's Liquefaction      Hex/Erth       26%        N/A       7%          4
 Necrotise                Necr           56%        1d6       12%         1
 Summon Small Mammal      Summ           56%        N/A       12%         1
 Passwall                 Tmut/Erth      11%        N/A       19%         2
 Call Canine Familiar     Summ           14%        N/A       36%         3
 Swiftness                Air            14%        N/A       36%         3
 Vampiric Draining        Necr           14%        2d7       36%         3
 Agony                    Necr           14%        N/A       98%         5
 Lee's Rapid Deconstruct  Erth           7%         3d6*      98%         5
 Leda's Unmaking          Conj/Erth      12%        9d3       100%        6
 Statue Form              Tmut/Erth      9%         N/A       100%        6
 Ozocubu's Refrigeration  Ice            23%        4d12      100%        7


Dungeon Overview and Level Annotations

Branches:
Dungeon (14/15)            Temple (1/1) D:6            Lair (5/5) D:9
 Shoals (0/4) Lair:2        Snake (0/4) Lair:2        Slime (0/5) Lair:4
    Orc (2/2) D:9             Elf (0/3) Orc:2        Vaults (0/5) D:13
 Bailey (visited)           IceCv (visited)

Altars:
Ashenzari
Cheibriados
Dithmenos
Fedhas
Gozag
Hepliaklqana
Kikubaaqudgha
Makhleb
Nemelex Xobeh
Okawaru
Qazlal
Ru
Sif Muna
Trog
Uskayaw
Vehumet
Wu Jian
Xom
Yredelemnul
Jiyva

Shops:
D:9 *   D:10 *   Orc:1 (   Orc:2 ?((*

Annotations:
D:14 Frances
Lair:5 not complete (spec ana), exclusion: obsidian statue


Innate Abilities, Weirdness & Mutations

Your natural rate of healing is accelerated.
You have razor-sharp teeth.
You have supernaturally acute eyesight. (SInv)
You are afflicted with vampirism and can become a bat while bloodless.


Message History

Unknown command.
Okay, then.
Press: ? - help, v - describe, . - travel
Here: Frances, wielding a +1 hand axe of electrocution and wearing a +2 ring mail of willpower (fast, chance to confuse on hit: 2%)
The floor.
Unknown command.
Unknown command.
Your +2 dagger of freezing stops glowing.
You feel a bond with the +9 double sword of the Beast {spect, Stlth+}.
b - the +9 double sword of the Beast (weapon)
{spect, Stlth+} The orange demon stings you from afar.
* * * LOW HITPOINT WARNING * * *
You are poisoned.
The orange demon poisons you! Frances hits you but does no damage.
You hit Frances but do no damage. You bite Frances, but do no damage.
You feel very sick. Frances closely misses you.
The orange demon completely misses you. x2
Unknown command.
You closely miss Frances. You bite Frances, but do no damage.
You feel very sick. Frances completely misses you.
The orange demon stings you from afar.
* * * LOW HITPOINT WARNING * * *
Frances closely misses you.
The orange demon stings you but does no damage.
Unknown command.
You barely miss Frances.
You feel sick. Frances barely misses you.
The orange demon completely misses you. The orange demon barely misses you.
Frances barely misses you. The orange demon barely misses you.
Unknown command.
You hit Frances but do no damage.
You feel sick.
Frances hits you with a +1 hand axe of electrocution.
* * * LOW HITPOINT WARNING * * *
The orange demon misses you.
The orange demon stings you but does no damage.
The smoke demon gestures at you. Something smites you!
* * * LOW HITPOINT WARNING * * *
Frances barely misses you.
You closely miss Frances.
You feel sick. The orange demon stings you from afar!
You die...

.........######
.###.....# ..##.....#
#........#
####..<..###### ####
..............####.....
####......###..........
######.....4.##.....
#######.@# ##. ##@#
#43. ###.. #.# .# #


You could see Frances (fast), 2 orange demons and a smoke demon (summoned).

Vanquished Creatures
  A fire giant (D:12)
  3 dire elephants (Lair:5)
  Snorg (D:11)
  2 ogre magi (Orc:2)
  6 hydras
  4 catoblepae
  4 boulder beetles
  2 centaur warriors
  11 two-headed ogres
  Urug (D:13)
  Sonja (Lair:4)
  4 skysharks
  Lodul (D:11)
  A swamp dragon (Lair:5)
  2 deep trolls (Orc:2)
  2 bog bodies (IceCv)
  5 orc knights
  A necromancer (Lair:5)
  Pikel (D:5)
  2 deep elf pyromancers (D:13)
  A will-o-the-wisp (Lair:5)
  4 cyclopes
  2 manticores (D:12)
  4 ugly things
  6 elephants
  A salamander (Lair:2)
  3 black mambas (Lair:5)
  An ice statue (IceCv)
  A water nymph (Lair:2)
  2 torpor snails
  11 cane toads
  An unseen horror (D:10)
  An unseen horror (shapeshifter) (D:14)
  A freezing wraith (IceCv)
  Maggie (Lair:1)
  3 gargoyles (D:12)
  12 komodo dragons
  A yaktaur (shapeshifter) (D:13)
  A rime drake (Lair:5)
  A kobold demonologist (D:13)
  2 anaconda simulacra (IceCv)
  A queen bee (Lair:4)
  3 ice devils
  3 meliai (Lair:4)
  13 trolls
  Grinder (D:5)
  A spectral elephant (Lair:5)
  22 blink frogs
  7 slime creatures
  Sigmund (D:7)
  5 wraiths
  2 shadows
  2 dire elephant simulacra
  8 basilisks
  73 yaks
  4 wyverns
  Eustachio (D:5)
  4 steam dragons
  4 death yak simulacra
  15 vampire mosquitoes
  A spectral cane toad (Lair:5)
  2 wargs
  An acid dragon (D:13)
  Duvessa (D:6)
  Edmund (D:7)
  14 water moccasins
  A swamp drake (Lair:5)
  26 orc warriors
  2 ice beasts
  27 ogres
  A black bear (D:6)
  14 wolves
  A centaur (D:6)
  A lemure (D:5)
  An elephant skeleton (Lair:5)
  6 kobold brigands
  15 bullfrogs
  5 scorpions
  9 two-headed ogre simulacra (IceCv)
  3 cane toad simulacra (IceCv)
  6 wights
  Dowan (D:6)
  An elephant simulacrum (Lair:5)
  33 killer bees
  3 howler monkeys
  2 lava snakes (Lair:2)
  3 hounds
  A gnoll bouda (D:6)
  14 orc priests
  3 sleepcaps
  6 iguanas
  Ijyb (D:3)
  17 orc wizards
  4 troll simulacra (IceCv)
  7 hell rats (Lair:1)
  3 spriggan simulacra (IceCv)
  2 wolf simulacra (IceCv)
  3 gnolls (D:7)
  10 adders
  5 naga simulacra (IceCv)
  A shadow imp (D:6)
  9 white imps
  10 ufetubi
  4 worms
  3 dart slugs
  73 orcs
  8 endoplasms
  6 giant cockroaches
  16 goblins
  7 hobgoblins
  5 jackals
  33 kobolds
  3 quokkas
  3 ball pythons
  5 bats
  3 frilled lizards
  4 rats (D:1)
735 creatures vanquished.

Vanquished Creatures (collateral kills)
  2 wights
2 creatures vanquished.

Vanquished Creatures (others)
  3 dancing weapons
  An orc (Orc:2)
  6 foxfires (Lair:5)
10 creatures vanquished.

Grand Total: 747 creatures vanquished

Notes
Turn   | Place    | Note
-------+----------+-------------------------------------------
     0 | D:1      | tilp the Vampire Enchanter began the quest for the Orb.
     0 | D:1      | Reached XP level 1. HP: 13/13 MP: 3/3
   140 | D:1      | Reached XP level 2. HP: 14/20 MP: 5/5
   159 | D:1      | Learned a level 2 spell: Ensorcelled Hibernation
   499 | D:1      | Gained mutation: You are afflicted with vampirism and can
                  | become a bat while bloodless. [Vampire growth]
   499 | D:1      | Reached XP level 3. HP: 25/25 MP: 1/6
   504 | D:1      | Learned a level 3 spell: Confusing Touch
   772 | D:1      | Reached skill level 1 in Fighting
  1035 | D:2      | Found a faded altar of an unknown god.
  1146 | D:2      | You fall into a shaft and drop 2 floors!
  1175 | D:4      | Reached XP level 4. HP: 32/32 MP: 4/7
  1216 | D:4      | Noticed a bullfrog
  1219 | D:4      | Killed a bullfrog
  1220 | D:4      | Reached skill level 5 in Stealth
  1220 | D:4      | Reached skill level 5 in Hexes
  1421 | D:4      | Reached XP level 5. HP: 38/38 MP: 9/9
  1438 | D:4      | Learned a level 3 spell: Tukima's Dance
  1644 | D:3      | Identified the +0 leather armour of Terror {rC- Will+ rCorr
                  | Slay+5}
  2902 | D:3      | Noticed Ijyb
  2934 | D:3      | Killed Ijyb
  2935 | D:3      | Reached XP level 6. HP: 44/44 MP: 3/10
  3705 | D:4      | Found a broken altar of Ashenzari.
  3715 | D:4      | Found a blossoming altar of Fedhas.
  3722 | D:4      | Found a radiant altar of Vehumet.
  3829 | D:5      | Entered Level 5 of the Dungeon
  4032 | D:5      | Noticed Grinder
  4034 | D:5      | Paralysed by Grinder for 5 turns
  4048 | D:5      | Noticed Eustachio
  4054 | D:5      | Killed Grinder
  4055 | D:5      | Reached skill level 6 in Stealth
  4055 | D:5      | Reached XP level 7. HP: 34/51 MP: 9/12
  4288 | D:5      | Killed Eustachio
  4371 | D:5      | Learned a level 3 spell: Dazzling Flash
  4713 | D:5      | Reached XP level 8. HP: 60/60 MP: 11/14
  4751 | D:5      | Reached skill level 5 in Short Blades
  4991 | D:5      | Reached skill level 1 in Evocations
  5218 | D:5      | Noticed Pikel
  5224 | D:5      | Killed Pikel
  5225 | D:5      | Reached skill level 7 in Stealth
  5225 | D:5      | Reached skill level 5 in Spellcasting
  5807 | D:6      | Found a staircase to the Ecumenical Temple.
  5817 | Temple   | Entered the Ecumenical Temple
  6041 | Temple   | Became a worshipper of the Wu Jian Council
  6143 | D:6      | Reached skill level 8 in Stealth
  6143 | D:6      | Reached XP level 9. HP: 67/67 MP: 4/16
  6375 | D:6      | Reached skill level 5 in Fighting
  6445 | D:6      | Found a hazy altar of Hepliaklqana.
  6623 | D:6      | Noticed Dowan
  6626 | D:6      | Noticed Duvessa
  6637 | D:6      | Killed Duvessa
  6689 | D:6      | Killed Dowan
  6819 | D:6      | Reached * piety under Wu Jian
  7456 | D:7      | Reached skill level 9 in Stealth
  7524 | D:7      | Noticed Edmund
  7537 | D:7      | Killed Edmund
  7555 | D:7      | Noticed Sigmund
  7557 | D:7      | Killed Sigmund
  8057 | D:8      | Noticed a two-headed ogre
  8061 | D:8      | Killed a two-headed ogre
  8062 | D:8      | Reached skill level 10 in Stealth
  8062 | D:8      | Reached XP level 10. HP: 76/76 MP: 17/17
  8165 | D:8      | Found a flagged portal.
  8196 | Bailey   | Entered a bailey
  8286 | Bailey   | Reached ** piety under Wu Jian
  8527 | Bailey   | Reached skill level 10 in Short Blades
  8793 | Bailey   | Noticed an orc knight
  8793 | Bailey   | Noticed an orc knight
  8793 | Bailey   | Noticed an orc knight
  8794 | Bailey   | Killed an orc knight
  8795 | Bailey   | Reached skill level 1 in Conjurations
  8795 | Bailey   | Reached skill level 1 in Ice Magic
  8829 | Bailey   | Killed an orc knight
  8835 | Bailey   | Killed an orc knight
  8960 | Bailey   | Identified the ring of Syzopaj {rElec rPois rF- rC+ rN+}
  9749 | D:9      | Found a staircase to the Lair.
 10135 | D:9      | Found Xaakoin's Assorted Antiques.
 10234 | D:9      | Reached XP level 11. HP: 82/82 MP: 14/19
 10317 | D:9      | Reached *** piety under Wu Jian
 10571 | D:9      | Found a staircase to the Orcish Mines.
 11014 | D:9      | Bought a fuming white potion for 19 gold pieces
 11014 | D:9      | Bought a brightly glowing ring mail for 198 gold pieces
 11014 | D:9      | Identified the +4 ring mail of Benevolence {rC++ Int+6
                  | Stlth-} (You bought it in a shop on level 9 of the Dungeon)
 11014 | D:9      | Bought a shiny coral ring for 110 gold pieces
 11014 | D:9      | Bought a potion of curing for 66 gold pieces
 11147 | D:10     | Entered Level 10 of the Dungeon
 11330 | D:10     | Found an opulent altar of Gozag.
 11352 | D:10     | Reached skill level 5 in Dodging
 11496 | D:10     | Found Geegreus's Assorted Antiques.
 11544 | D:10     | Bought 2 scrolls of identify for 80 gold pieces
 11544 | D:10     | Bought a scroll of identify for 40 gold pieces
 11544 | D:10     | Bought a puce potion for 18 gold pieces
 11790 | D:10     | Reached skill level 11 in Stealth
 12378 | D:11     | Noticed Lodul
 12384 | D:11     | Reached **** piety under Wu Jian
 12395 | D:11     | Noticed a two-headed ogre
 12399 | D:11     | Killed a two-headed ogre
 12403 | D:11     | Reached skill level 5 in Evocations
 12421 | D:11     | Killed Lodul
 12729 | D:11     | Noticed Snorg
 12730 | D:11     | Killed Snorg
 13048 | Lair:1   | Entered Level 1 of the Lair of Beasts
 13048 | Lair:1   | You fall into a shaft and drop 1 floor!
 13052 | Lair:2   | Noticed a six-headed hydra
 13063 | Lair:2   | Killed a six-headed hydra
 13064 | Lair:2   | Reached skill level 10 in Hexes
 13067 | Lair:2   | Reached XP level 12. HP: 93/93 MP: 7/22
 13069 | Lair:2   | Reached skill level 12 in Stealth
 13501 | Lair:2   | Found a staircase to the Snake Pit.
 13627 | Lair:2   | Reached skill level 10 in Fighting
 13685 | Lair:2   | Found a frozen archway.
 13708 | IceCv    | Entered an ice cave
 13745 | IceCv    | Reached ***** piety under Wu Jian
 14998 | IceCv    | Identified the staff of air "Ypry Otzue" {rElec rPois rF-
                  | rC++ MP+9}
 16166 | Lair:1   | Noticed a catoblepas
 16183 | Lair:1   | Killed a catoblepas
 16231 | Lair:1   | Noticed Maggie
 16237 | Lair:1   | Killed Maggie
 16548 | Lair:1   | Reached XP level 13. HP: 73/104 MP: 4/24
 18097 | Lair:3   | Reached skill level 13 in Stealth
 18982 | Lair:4   | Found a staircase to the Slime Pits.
 18983 | Lair:4   | Found a viscous altar of Jiyva.
 19086 | Lair:4   | Reached ****** piety under Wu Jian
 19508 | Lair:4   | Learned a level 3 spell: Ozocubu's Armour
 19704 | Lair:4   | Noticed Sonja
 19707 | Lair:4   | Killed Sonja
 20489 | Lair:4   | Reached skill level 14 in Stealth
 20503 | Lair:4   | Reached XP level 14. HP: 114/114 MP: 17/26
 21051 | Lair:5   | Entered Level 5 of the Lair of Beasts
 21776 | Lair:5   | Reached skill level 15 in Stealth
 22101 | Lair:5   | HP: 2/115 [will-o-the-wisp/foxfire (14)]
 22729 | Lair:5   | Reached skill level 1 in Armour
 23704 | D:10     | Bought an iridescent double sword for 400 gold pieces
 23704 | D:10     | Identified the +9 double sword of the Beast {spect, Stlth+}
                  | (You bought it in a shop on level 10 of the Dungeon)
 23704 | D:10     | Bought a potion of curing for 60 gold pieces
 23739 | Orc:1    | Entered Level 1 of the Orcish Mines
 24228 | Orc:1    | Found Pozeree's Antique Weapon Shop.
 24356 | Orc:2    | Entered Level 2 of the Orcish Mines
 24368 | Orc:2    | Found a staircase to the Elven Halls.
 24914 | Orc:2    | Reached skill level 1 in Long Blades
 25288 | Orc:2    | Reached XP level 15. HP: 94/122 MP: 7/28
 25313 | Orc:2    | Reached skill level 5 in Ice Magic
 25438 | Orc:2    | Found Igesip's Magic Scroll Emporium.
 25581 | Orc:2    | Found Hymy's Antique Weapon Shoppe.
 25582 | Orc:2    | Found Igech's Assorted Antiques.
 25584 | Orc:2    | Bought a scroll of enchant weapon for 105 gold pieces
 25594 | Orc:2    | Found Maurgh's Antique Weapon Shoppe.
 25597 | Orc:2    | Bought a potion of curing for 102 gold pieces
 25597 | Orc:2    | Bought a potion of heal wounds for 170 gold pieces
 25597 | Orc:2    | Bought a potion of curing for 102 gold pieces
 25597 | Orc:2    | Bought a dull robe for 193 gold pieces
 25597 | Orc:2    | Identified the +2 robe of Oteoj Yfowu {rElec rN+ Int+4
                  | Stlth+} (You bought it in a shop on level 2 of the Orcish
                  | Mines)
 25883 | Orc:2    | Bought a scroll of summoning for 133 gold pieces
 26497 | D:12     | Noticed a fire giant
 26556 | D:12     | Killed a fire giant
 26968 | D:13     | Identified the +0 ring mail "Inennuin" {-Tele rPois Int+4
                  | Stlth+}
 27238 | D:13     | Found a gate to the Vaults.
 27324 | D:13     | Noticed Urug
 27330 | D:13     | Killed Urug
 27431 | D:13     | Reached skill level 16 in Stealth
 27876 | D:14     | Noticed Frances
 27899 | D:14     | HP: 3/122 [smoke demon/divine providence[Frances] (12)]
 27900 | D:14     | Mangled by an orange demon

Illustrated notes

Levels and vault maps discovered:
D:1:      spicycebolla_arrival_xxxplode, layout_rooms
D:2:      minmay_angry_zag, layout_basic,
          hellmonk_ecumenical_altar_leap_of_faith, roderic_nine_men_s_morris,
          corner_web_ring, small_statue_intersection
D:3:      kennysheep_the_goblin_king, layout_basic, minmay_crystal_water,
          dreamdust_wishing_well
D:4:      layout_loops_cross, nicolae_overflow_hallway_of_the_gods
D:5:      layout_layer_cave, chequers_serial_rivers_micro_a, uniq_pikel,
          uniq_eustachio, uniq_grinder
D:6:      layout_rooms, mainiacjoe_overflow_brackets,
          minmay_temple_entry_drinking_statues, uniq_duvessa
D:7:      layout_loops_ring, nrook_mini_backslash, sigmund_edmund_badplayer
D:8:      layout_loops_ring, enter_bailey_5
D:9:      layout_irregular_city, lair_entry_dummy, orc_0_dummy, serial_shops,
          nicolae_shop_trees
D:10:     layout_gridville, mainiacjoe_overflow_small_starburst, serial_shops,
          nicolae_stop_n_shop_2
D:11:     layout_roguey, uniq_snorg, uniq_lodul
D:12:     layout_cave_pools, kennysheep_four_rooms
D:13:     layout_irregular_city, david_vaults_4, uniq_urug
D:14:     layout_rooms, amcnicky_mini_pool_small, nicolae_figureground_pulse,
          uniq_rupert, uniq_frances
Temple:   regret_index_temple_generic_petals
Lair:1:   layout_regular_city, infiniplex_staircase_pool, lemuel_fruit_tree,
          uniq_maggie
Lair:2:   layout_cave_pods, nicolae_shoals_entry_flooding,
          nicolae_snake_entry_warm_welcome, portal_ice_cave_demonic_guard
Lair:3:   layout_cave_pods, chequers_serial_rivers_micro_d, grunt_megastairs_3,
          infiniplex_staircase_pool_2
Lair:4:   layout_roguey [special_room_bee], slime_entry_1, beast_lair_carwin_9,
          uniq_sonja
Lair:5:   due_jungle_book, layout_loops_ring, st_stairs_8, pond
Orc:1:    layout_caves, serial_shops, nicolae_shop_back_alley_shop,
          lightli_orcish_oven
Orc:2:    st_orc_open, layout_diamond_mine, david_defended_altar_orc

Skill      XL: |  1  2  3  4  5  6  7  8  9 10 11 12 13 14 15 |
---------------+----------------------------------------------+-----
Fighting       | 1 2 3 4 6 8 10 11 12 | 12.9
Short Blades   | 2 3 4 6 9 10 | 10.0
Stealth        | 5 6 8 10 11 12 14 15 16 | 16.0
Hexes          | 5 6 7 8 10 12 13 14 | 14.1
Dodging        | 3 4 6 8 9 |  9.0
Spellcasting   | 3 4 5 7 8 9 |  9.7
Evocations     | 2 3 5 6 7 8 |  8.8
Conjurations   | 2 3 4 |  4.0
Ice Magic      | 2 3 4 5 |  5.6
Armour         | 2 3 |  3.0
Long Blades    | 1 3 |  3.0

Action                     |  1- 3 |  4- 6 |  7- 9 | 10-12 | 13-15 || total
---------------------------+-------+-------+-------+-------+-------++-------
  Melee: Dagger            |   102 |   155 |   156 |   852 |  1264 ||  2529
         Bite              |    11 |    17 |    13 |   108 |   217 ||   366
         Punch             |     1 |       |     2 |    11 |    18 ||    32
         Double sword      |       |       |       |       |    34 ||    34
  Throw: Dart              |       |       |       |       |     1 ||     1
   Cast: Ensorcelled Hiber |    14 |    41 |    72 |   156 |   319 ||   602
         Confusing Touch   |       |     3 |    10 |    72 |    77 ||   162
         Dazzling Flash    |       |       |     3 |     9 |    30 ||    42
         Tukima's Dance    |       |       |       |    11 |     1 ||    12
 Invoke: Serpent's Lash    |       |       |       |       |     2 ||     2
Ability: Lunge             |       |       |    16 |    69 |    96 ||   181
         Whirlwind         |       |       |       |    22 |    48 ||    70
  Evoke: Wand              |       |       |       |    11 |     4 ||    15
         Phial of floods   |       |       |       |       |     1 ||     1
    Use: Scroll            |     3 |     8 |     4 |    11 |     8 ||    34
         Potion            |       |       |       |     1 |     1 ||     2
   Stab: Sleeping          |    11 |    40 |    52 |   131 |   204 ||   438
         Confused          |       |     2 |     7 |    55 |    76 ||   140
         Distracted        |       |       |     1 |       |     4 ||     5
         Invisible         |       |       |       |    16 |    28 ||    44
         Petrified         |       |       |       |       |     4 ||     4
         Petrifying        |       |       |       |       |     1 ||     1
 Armour: Robe              |    22 |    17 |    16 |    28 |       ||    83
         Leather armour    |       |       |    21 |       |       ||    21
         Ring mail         |       |       |       |   107 |   322 ||   429
  Dodge: Dodged            |    57 |   138 |   174 |   562 |   981 ||  1912

Table legend: (Time is in decaauts)
 A = Elapsed time spent in this place.
 B = Non-inter-level travel time spent in this place.
 C = Inter-level travel time spent in this place.
 D = Time resting spent in this place.
 E = Time spent auto-exploring this place.
 F = Levels seen in this place.
 G = Mean time per level.
                   A        B        C        D        E       F      G
               +--------+--------+--------+--------+--------+-----+--------+
         Total |  26970 |  25441 |   1529 |   3475 |  16391 |  24 | 1123.8 |
       Dungeon |  13649 |  12836 |    813 |    830 |   9624 |  14 |  974.9 |
        Temple |    262 |    212 |     50 |      0 |    205 |   1 |  262.0 |
          Lair |   8377 |   7848 |    529 |   1300 |   4552 |   5 | 1675.4 |
  Orcish Mines |   2130 |   1994 |    136 |    302 |   1211 |   2 | 1065.0 |
        Bailey |    859 |    859 |      0 |    406 |    219 |   1 |  859.0 |
      Ice Cave |   1691 |   1691 |      0 |    637 |    579 |   1 | 1691.0 |
               +--------+--------+--------+--------+--------+-----+--------+

Top non-repeatable levels by time:
  Lair:4: 2544 daAuts
     D:5: 1926 daAuts
  Lair:5: 1808 daAuts
   IceCv: 1691 daAuts
  Lair:3: 1483 daAuts
     D:9: 1447 daAuts
   Orc:2: 1401 daAuts
  Lair:2: 1311 daAuts
  Lair:1: 1230 daAuts
     D:6: 1006 daAuts
     D:1: 987 daAuts
     D:4: 973 daAuts
    D:10: 972 daAuts
    D:13: 951 daAuts
     D:2: 945 daAuts
